 Dungeon Sprint DCSS version 0.30-a0-52-g86a8295270 (webtiles) character file.

Game seed: 1496424359616353794

105 rocky1 the Shooter (level 4, -8/63 HPs)
             Began as a Minotaur Hunter on Sept 7, 2022.
             Was an Initiate of Gozag.
             Mangled by an orc warrior
             ... wielding a +0 mace
              (9 damage)
             ... in the Dungeon (Sprint VII: "The Pits").
             The game lasted 00:01:19 (505 turns).

rocky1 the Shooter (Minotaur Hunter)                 Turns: 505, Time: 00:01:20

Health: -8/63      AC:  3    Str: 16    XL:     4   Next: 54%
Magic:  3/3        EV: 13    Int:  6    God:    Gozag
Gold:   234        SH:  0    Dex: 15    Spells: 3/3 levels left

rFire   . . .      SeeInvis .    b - +2 falchion
rCold   . . .      Faith    .    (no shield)
rNeg    . . .      Spirit   .    c - +0 leather armour
rPois   .          Reflect  .    (helmet restricted)
rElec   .          Harm     .    (no cloak)
rCorr   .          Rampage  .    (no gloves)
Will    .....      NoTele   +    (no boots)
Stlth   ..........               (no amulet)
HPRegen 0.20/turn                (no ring)
MPRegen 0.08/turn                (no ring)

@: berserking, very quick
A: horns 2, retaliatory headbutt
a: Renounce Religion, Potion Petition, Call Merchant, Bribe Branch


You were in the Dungeon.
You worshipped Gozag.
Gozag was aware of your devotion.
You visited 1 branch You collected 234 gold pieces.

Inventory:

Hand Weapons
 a - a +0 shortbow
 b - a +2 falchion (weapon)
Armour
 c - a +0 leather armour (worn)
Scrolls
 i - a scroll of blinking
 k - 5 scrolls of amnesia
 l - a scroll of summoning
 m - a scroll of immolation
Potions
 d - a potion of curing
 e - a potion of heal wounds
 f - a potion of haste
 g - 4 potions of magic
 h - 2 potions of berserk rage
 j - 2 potions of invisibility


   Skills:
 + Level 5.4 Fighting
 + Level 4.4 Long Blades
 + Level 6.4 Ranged Weapons
 + Level 4.4 Armour
 + Level 4.8 Dodging
 - Level 0.7 Stealth


You had 3 spell levels left.
You didn't know any spells.
Your spell library was empty.

Dungeon Overview and Level Annotations

Branches:
Dungeon (1/1)

Altars:
Ashenzari
Cheibriados
Dithmenos
Elyvilon
Fedhas
Gozag
Hepliaklqana
Kikubaaqudgha
Makhleb
Nemelex Xobeh
Okawaru
Qazlal
Ru
Sif Muna
Trog
Uskayaw
Vehumet
Wu Jian
Xom
Yredelemnul
Zin
The Shining One
Jiyva
Lugonu


Innate Abilities, Weirdness & Mutations

You have a pair of horns on your head.
You reflexively headbutt those who attack you in melee.


Message History

a +0 dagger; 3 stones
There is an open door here.
a - a +0 shortbow (weapon)
You open the door.
An orc warrior, an orc, an orc priest and an orc wizard come into view.
b - a +2 falchion (weapon)
The orc warrior shouts!
You hear a shout!
The orc shouts!
You hit the orc wizard. Your headbutt misses the orc wizard.
The orc wizard is lightly wounded.
An adder zombie comes into view.
The orc priest invokes the aid of Beogh against you.
Beogh smites you!
The orc wizard hits you with a +0 dagger.
A goblin comes into view. It is wielding a +0 club.
There is an open door here.
The orc wizard points at you and mumbles some strange words.
The magic dart hits you.
The orc warrior attacks as you move away!
The orc warrior closely misses you.
There is an open door here.
A red film seems to cover your vision as you go berserk!
You feel yourself moving faster!
You feel mighty!
The orc warrior hits you with a +0 mace!
You hit the orc warrior. Your headbutt misses the orc warrior.
The orc warrior is lightly wounded.
The orc warrior hits you with a +0 mace!
* * * LOW HITPOINT WARNING * * *
You slash the orc warrior! Your headbutt misses the orc warrior.
The orc warrior is heavily wounded.
The orc warrior hits you with a +0 mace!
* * * LOW HITPOINT WARNING * * *
You closely miss the orc warrior.
The orc warrior is heavily wounded.
The orc wizard casts a spell.
The orc wizard flickers and vanishes!
Deactivating autopickup; reactivate with Ctrl-A.
The orc warrior hits you with a +0 mace!
You die...
Your body crumbles into a pile of gold.

############
#_________.#
#_________.#
#_______...###########
##########'##.........
#.?(.')))'.##......#..
##########.##.........
#....@og....).........
#+#####{#####......#..
#..#..#..##.........
#..g).'..#####'#####
##'####+###.......#


#oZo #.......# #..Zg #.......# #####+ #...<...# #.......# You could see an orc
warrior and a goblin.

Vanquished Creatures
  A floating eye (D)
  An ufetubus (D)
  2 kobolds (D)
  A frilled lizard (D)
  A rat (D)
6 creatures vanquished.

Notes
Turn   | Place    | Note
-------+----------+-------------------------------------------
     0 | D        | rocky1 the Minotaur Hunter began the quest for the Orb.
     0 | D        | Reached XP level 1. HP: 18/18 MP: 0/0
    29 | D        | Found a bloodstained altar of Trog.
    29 | D        | Found a shimmering blue altar of Sif Muna.
    29 | D        | Found a viscous altar of Jiyva.
    29 | D        | Found a hazy altar of Hepliaklqana.
    29 | D        | Found an opulent altar of Gozag.
    53 | D        | Found a glowing golden altar of the Shining One.
    53 | D        | Found a glowing silver altar of Zin.
    53 | D        | Found a basalt altar of Yredelemnul.
    53 | D        | Found a shimmering altar of Xom.
    53 | D        | Found an ornate altar of the Wu Jian Council.
    53 | D        | Found a sacrificial altar of Ru.
    53 | D        | Found a stormy altar of Qazlal.
    53 | D        | Found an iron altar of Okawaru.
    53 | D        | Found a sparkling altar of Nemelex Xobeh.
    53 | D        | Found a burning altar of Makhleb.
    53 | D        | Found a blossoming altar of Fedhas.
    53 | D        | Found a white marble altar of Elyvilon.
    53 | D        | Found a shadowy altar of Dithmenos.
    53 | D        | Found a snail-covered altar of Cheibriados.
    56 | D        | Found a corrupted altar of Lugonu.
    56 | D        | Found a radiant altar of Vehumet.
    57 | D        | Found an ancient bone altar of Kikubaaqudgha.
    57 | D        | Found a hide-covered altar of Uskayaw.
    57 | D        | Found a broken altar of Ashenzari.
    60 | D        | Became a worshipper of Gozag Ym Sagoz the Greedy
   272 | D        | Reached skill level 1 in Long Blades
   272 | D        | Reached skill level 5 in Ranged Weapons
   272 | D        | Reached skill level 1 in Armour
   272 | D        | Reached XP level 2. HP: 17/26 MP: 1/1
   376 | D        | Noticed a floating eye
   380 | D        | Paralysed by a floating eye for 2 turns
   383 | D        | Killed a floating eye
   384 | D        | Reached skill level 5 in Fighting
   384 | D        | Reached skill level 6 in Ranged Weapons
   384 | D        | Reached XP level 3. HP: 36/36 MP: 2/2
   384 | D        | Reached XP level 4. HP: 42/42 MP: 3/3
   494 | D        | Noticed an orc warrior
   504 | D        | HP: 1/63 [orc warrior/+0 mace (11)]
   505 | D        | Mangled by an orc warrior

Illustrated notes

Levels and vault maps discovered:
D:        pitsprint [storerooms_1, entrance_room_1, metal_vault_4, armoury_3,
          mini_pit_1, grid_room_1, main_hall_1, silver_pit, the_coven_3,
          the_vestibule_1, steel_vault_5, golden_pit, hallway_of_sentries,
          crystal_vault_1, iron_vault_1, final_vault]

Skill      XL: |  1  2 |
---------------+-------+-----
Fighting       | 3 5 |  5.4
Long Blades    | 1 4 |  4.4
Ranged Weapons | 5 6 |  6.4
Armour         | 1 4 |  4.4
Dodging        | 4 |  4.8
Stealth        | |  0.7

Action                   |  1- 3 |  4- 6 || total
-------------------------+-------+-------++-------
Melee: Unarmed           |     6 |       ||     6
       Falchion          |     7 |     5 ||    12
       Headbutt          |     1 |       ||     1
 Fire: Shortbow          |     7 |       ||     7
  Use: Potion            |       |     1 ||     1
Armor: Leather armour    |     3 |       ||     3
Dodge: Dodged            |     7 |     1 ||     8

Table legend: (Time is in decaauts)
 A = Elapsed time spent in this place.
 B = Non-inter-level travel time spent in this place.
 C = Inter-level travel time spent in this place.
 D = Time resting spent in this place.
 E = Time spent auto-exploring this place.
 F = Levels seen in this place.
 G = Mean time per level.
                   A        B        C        D        E       F      G
               +--------+--------+--------+--------+--------+-----+--------+
         Total |    505 |    505 |      0 |    384 |      0 |   1 |  505.0 |
       Dungeon |    505 |    505 |      0 |    384 |      0 |   1 |  505.0 |
               +--------+--------+--------+--------+--------+-----+--------+

Top non-repeatable levels by time:
       D: 505 daAuts
